 Dungeon Crawl Stone Soup version 0.18.1-2-ga659475 (webtiles) character file.

4 Chiseanne the Digger (level 1, 0/16 HPs)
             Began as a Ghoul Earth Elementalist on May 8, 2016.
             Slain by an ooze (3 damage)
             ... on level 1 of the Dungeon.
             The game lasted 00:00:29 (98 turns).

Chiseanne the Digger (Ghoul Earth Elementalist)       Turns: 98, Time: 00:00:30

Health: 0/16       AC:  2    Str: 11    XL:     1   Next: 60%
Magic:  0/2        EV: 12    Int: 10    God:
Gold:   26         SH:  0    Dex:  9    Spells: 1 memorised, 2 levels left

rFire  . . .     SeeInvis .     a - +0 short sword
rCold  + . .     Gourm    .     g - +0 robe
rNeg   + + +     Faith    .     (no shield)
rPois  ∞         Spirit   .     (no helmet)
rElec  .         Dismiss  .     (no cloak)
rCorr  .         Reflect  .     (no gloves)
SustAt .         Harm     .     (no boots)
MR     .....                    (no amulet)
Stlth  ++........               (no ring)
                                (no ring)

@: rotting, not resistant to hostile enchantments, unstealthy
A: rotting body, claws 1, carnivore 3, cold resistance 1, negative energy
resistance 3, slow regeneration 1, torment resistance, unbreathing
a: no special abilities


You were on level 1 of the Dungeon.
You were not hungry.

You visited 1 branch of the dungeon, and saw 1 of its levels.

You collected 26 gold pieces.

Inventory:

Hand Weapons
 a - a +0 short sword (weapon)
Missiles
 b - 39 stones (quivered)
Armour
 g - a +0 robe (worn)
Potions
 e - a potion of agility {unknown}
 f - a potion of lignification {unknown}
Books
 c - a book of Geomancy

   Spells                             Type                      Level
   a - Sandblast                      Earth                        1
   b - Passwall                       Transmutation/Earth          2
   c - Stone Arrow                    Conjuration/Earth            3
   d - Petrify                        Transmutation/Earth          4
   e - Lee's Rapid Deconstruction     Earth                        5
Comestibles
 d - 2 meat rations


   Skills:
 + Level 1.2 Fighting
 - Level 1.7 Dodging
 - Level 2.1 Stealth
 - Level 1.7 Spellcasting
   Level 0.8 Transmutations
 - Level 3.2 Earth Magic


You had 2 spell levels left.
You knew the following spells:

 Your Spells              Type           Power        Failure   Level  Hunger
a - Sandblast             Erth           #.....       10%         1    ##.....


Dungeon Overview and Level Annotations

Branches:
Dungeon (1/15)

Altars:


Innate Abilities, Weirdness & Mutations

Your body is rotting away.
You thrive on raw meat.
You are immune to poison.
You have sharp fingernails.
You are carnivorous and can eat meat at any time.
Your flesh is cold resistant.
You are immune to negative energy.
You regenerate slowly when monsters are visible.
You are immune to unholy pain and torment.
You can survive without breathing.


Message History

The ooze is heavily wounded.
The bat hits you. The ooze hits you.
* * * LOW HITPOINT WARNING * * *
Casting: Sandblast
Confirm with . or Enter, or press ? or * to list all spells.
Aiming: Sandblast
Press: ? - help, Shift-Dir - straight line, f - ooze
Aim: an ooze (heavily wounded)
The blast of sand hits the ooze.
The ooze is heavily wounded.
The bat hits you but does no damage. The ooze closely misses you.
Casting: Sandblast
Confirm with . or Enter, or press ? or * to list all spells.
Aiming: Sandblast
Press: ? - help, Shift-Dir - straight line, f/p - ooze
Aim: an ooze (heavily wounded)
The blast of sand hits the ooze.
The ooze is almost dead.
The bat barely misses you. The ooze hits you.
You die...

##.....## #.# ###'###
###.# #.# ## ....
#.###.. ... #.....# #
#.# ###..##
#..####.##### ##.##
.......b....# #..###
#...J@....#######.##..
#....................#
#.........#......>...#
#.........#........÷.#
###########..........#
#..........#
#..).......#
#..........#
#..........#


You could see an ooze and a bat.

Vanquished Creatures
  A bat (D:1)
  A giant cockroach (D:1)
  A goblin (D:1)
3 creatures vanquished.

Notes
Turn   | Place    | Note
--------------------------------------------------------------
     0 | D:1      | Chiseanne the Ghoul Earth Elementalist began the quest for the Orb.
     0 | D:1      | Reached XP level 1. HP: 14/14 MP: 2/2
    47 | D:1      | Reached skill level 1 in Fighting
    98 | D:1      | Slain by an ooze

Skill      XL: |  1 |
---------------+----+-----
Fighting       | 1 |  1.2
Dodging        | |  1.7
Stealth        | |  2.1
Spellcasting   | |  1.7
Transmutations | |  0.8
Earth Magic    | |  3.2

Action                   || total
-------------------------++-------
Melee: Club              ||    16
       Short sword       ||     3
       Unarmed           ||     1
 Cast: Sandblast         ||     4
  Eat: Chunk             ||     3
Armor: Robe              ||    11
Dodge: Dodged            ||    17
